 Dungeon Sprint DCSS version 0.20.1-1-g8b1a95d (webtiles) character file.

8 potatolord6000 the Caller (level 2, 0/15 HPs)
             Began as a Deep Elf Summoner on Aug 29, 2017.
             Was an Initiate of Sif Muna.
             Killed from afar by a hell hound (15 damage)
             ... with a blast of flame
             ... in the Dungeon (Sprint V: "Ziggurat Sprint").
             The game lasted 00:01:14 (131 turns).

potatolord6000 the Caller (Deep Elf Summoner)        Turns: 131, Time: 00:01:16

Health: 0/15       AC:  2    Str:  5    XL:     2   Next: 0%
Magic:  17/17      EV: 15    Int: 37    God:    Sif Muna [......]
Gold:   0          SH:  0    Dex: 15    Spells: 12/13 levels left

rFire    . . .     SeeInvis .   y - +6 Majin-Bo {vamp, Archmagi MP+6 Int+6}
rCold    . . .     Gourm    .   (shield currently unavailable)
rNeg     . . .     Faith    .   a - +0 robe
rPois    .         Spirit   .   (no helmet)
rElec    .         Reflect  .   (no cloak)
rCorr    .         Harm     .   (no gloves)
MR       .....     NoTele   +   (no boots)
Stlth    ++........             (no amulet)
Regen    0.1/turn               A - +6 ring of intelligence
MPRegen  0.2/turn               B - +6 ring of intelligence

@: very slightly contaminated, invisible
A: no striking features
a: Renounce Religion


You were in the Dungeon.
You worshipped Sif Muna.
Sif Muna was noncommittal.
You were full.

You visited 1 branch

Inventory:

Hand Weapons
 y - the +6 Majin-Bo (weapon) {vamp, Archmagi MP+6 Int+6}
   (You found it in the Dungeon)

   It inflicts no extra harm, but heals its wielder when it wounds a living foe.
   It affects your intelligence (+6).
   It affects your magic capacity (+6).
Armour
 a - a +0 robe (worn)
Jewellery
 A - a +6 ring of intelligence (left hand)
 B - a +6 ring of intelligence (right hand)
Scrolls
 i - 3 scrolls of blinking
 p - 4 scrolls of amnesia
 q - 3 scrolls of recharging
 r - 6 scrolls of fog
 s - a scroll of holy word
 t - 5 scrolls of identify
 u - 5 scrolls of remove curse
 v - a scroll of fear
Potions
 d - 10 potions of curing
 e - 10 potions of heal wounds
 f - 6 potions of haste
 g - 7 potions of magic
 h - 3 potions of berserk rage
 j - 2 potions of brilliance
 k - a potion of invisibility
 l - 4 potions of resistance
 n - 5 potions of agility
 o - 5 potions of might
Books
 b - a book of Callings

   Spells                             Type                      Level
   a - Summon Small Mammal            Summoning                    1
   b - Call Imp                       Summoning                    2
   c - Call Canine Familiar           Summoning                    3
   d - Summon Guardian Golem          Hexes/Summoning              3
   e - Summon Lightning Spire         Summoning/Air                4
   f - Summon Ice Beast               Ice/Summoning                4
Comestibles
 c - 5 bread rations
 w - 42 fruits
 x - 2 meat rations


   Skills:
 + Level 5.6 Dodging
 - Level 2.4 Stealth
 + Level 6.3 Spellcasting
 + Level 6.4 Summonings


You had 12 spell levels left.
You knew the following spells:

 Your Spells              Type           Power        Failure   Level  Hunger
a - Summon Small Mammal   Summ           ####         1%          1    None


Dungeon Overview and Level Annotations

Branches:
Dungeon (1/1)

Altars:
Ashenzari
Cheibriados
Dithmenos
Elyvilon
Fedhas
Gozag
Hepliaklqana
Kikubaaqudgha
Makhleb
Nemelex Xobeh
Okawaru
Qazlal
Ru
Sif Muna
Trog
Uskayaw
Vehumet
Xom
Yredelemnul
Zin
The Shining One
Beogh
Jiyva
Lugonu

Annotations:
D 1 transporter


Message History

You fade into invisibility!
You are very lightly contaminated with residual magic.
Welcome to arena 1.
You enter the transporter and appear at another place. 2 hell hounds come into view.
Found two items.
Found a transporter.
As you read the scroll of fear, it crumbles to dust.
You assume a fearsome visage.
The hell hound is unaffected. x2
The hell hound closely misses you.
Blink to where?
Press: ? - help, Dir - move target cursor
As you read the scroll of blinking, it crumbles to dust.
The hell hound barks!
As you read the scroll of fog, it crumbles to dust.
The scroll dissolves into smoke.
The hell hound bites you but does no damage.
The hell hound breathes flames at you. The blast of flame hits you!
Ouch! That really hurt!
You die...

▓▓▓▓▓▓▓
▓.8§8§▓
▓..§h@▓
▓.=§§h▓
▓..§§§▓
▓.....▓
▓..§..▓
▓▓▓▓▓▓▓


You could see 2 hell hounds.

Vanquished Creatures (others)
  Grinder (D)
1 creature vanquished.

Notes
Turn   | Place    | Note
-------+----------+-------------------------------------------
     0 | D        | potatolord6000 the Deep Elf Summoner began the quest for the Orb.
     0 | D        | Reached XP level 1. HP: 10/10 MP: 6/6
     1 | D        | Found a bloodstained altar of Trog.
     1 | D        | Found a deep blue altar of Sif Muna.
     1 | D        | Found a sacrificial altar of Ru.
     1 | D        | Found a stormy altar of Qazlal.
     1 | D        | Found an iron altar of Okawaru.
     5 | D        | Found a sparkling altar of Nemelex Xobeh.
     5 | D        | Found a blossoming altar of Fedhas.
     7 | D        | Found a transporter.
     7 | D        | Found an ancient bone altar of Kikubaaqudgha.
     7 | D        | Found a viscous altar of Jiyva.
     7 | D        | Found a corrupted altar of Lugonu.
     7 | D        | Found a hazy altar of Hepliaklqana.
     7 | D        | Found a burning altar of Makhleb.
     7 | D        | Found an opulent altar of Gozag.
    10 | D        | Killed Grinder
    90 | D        | Reached skill level 5 in Dodging
    90 | D        | Reached XP level 2. HP: 15/15 MP: 11/11
   110 | D        | Became a worshipper of Sif Muna the Loreminder
   128 | D        | Entered arena 2.
   128 | D        | Noticed a hell hound
   128 | D        | Noticed a hell hound
   128 | D        | Found a transporter.
   131 | D        | Killed from afar by a hell hound

Skill      XL: |  1 |
---------------+----+-----
Dodging        | 5 |  5.6
Spellcasting   | 6 |  6.3
Summonings     | 6 |  6.4
Stealth        | |  2.4

Action                   || total
-------------------------++-------
  Use: Potion            ||     2
       Scroll            ||     3
  Eat: Meat ration       ||     2
Armor: Robe              ||     1
Dodge: Dodged            ||     1
